 Dungeon Crawl Stone Soup version 0.27.1-33-g824d729ab1 (webtiles) character file.

Game seed: 2403022371742069963

149 pkoi the Ruffian (level 5, -1/41 HPs)
             Began as a Draconian Warper on Dec 16, 2021.
             Slain by Sigmund (5 damage)
             ... on level 3 of the Dungeon.
             The game lasted 00:02:32 (3077 turns).

pkoi the Ruffian (Draconian Warper)                 Turns: 3077, Time: 00:02:32

Health: -1/41      AC:  5    Str: 13    XL:     5   Next: 9%
Magic:  8/8        EV: 12    Int: 14    God:
Gold:   111        SH:  5    Dex: 11    Spells: 8/8 levels left

rFire    . . .     SeeInvis .   d - +3 dagger (venom)
rCold    . . .     Faith    .   (no shield)
rNeg     . . .     Spirit   .   (armour unavailable)
rPois    .         Reflect  +   (helmet restricted)
rElec    .         Harm     .   (no cloak)
rCorr    .         Rampage  .   (no gloves)
Will     .....                  (no boots)
Stlth    +.........             h - amulet of reflection
HPRegen  0.13/turn              (no ring)
MPRegen  0.11/turn              (no ring)

@: no status effects
A: AC +5, unfitting armour, cold-blooded
a: no special abilities


You were on level 3 of the Dungeon.
You visited 1 branch of the dungeon, and saw 3 of its levels.

You collected 111 gold pieces.

Inventory:

Hand Weapons
 d - a +3 dagger of venom (weapon)
 e - a +0 dagger of speed
Missiles
 b - 5 boomerangs of dispersal (quivered)
Jewellery
 h - an amulet of reflection (around neck)
Scrolls
 a - a scroll of blinking
 c - a scroll of teleportation {unknown}
 g - a scroll of enchant armour
 i - a scroll of amnesia
Potions
 j - 3 potions of curing


   Skills:
 - Level 2.1 Fighting
 - Level 0.8 Throwing
 - Level 2.1 Dodging
 + Level 5.3 Unarmed Combat
 - Level 2.0 Spellcasting
 - Level 3.0 Translocations


You had 8 spell levels left.
You didn't know any spells.
Your spell library contained the following spells:

 Spells                   Type           Power      Damage    Failure   Level
 Blink                    Tloc           N/A        N/A       11%         2
 Gell's Gravitas          Tloc           4%         N/A       21%         3
 Lesser Beckoning         Tloc           4%         N/A       21%         3
 Teleport Other           Tloc           9%         N/A       21%         3
 Corona                   Hex            1%         N/A       24%         1
 Ensorcelled Hibernation  Hex/Ice        2%         N/A       34%         2
 Passwall                 Tmut/Erth      0%         N/A       34%         2
 Tukima's Dance           Hex            1%         N/A       56%         3
 Manifold Assault         Tloc           9%         N/A       88%         5
 Iskenderun's Battlesphe  Conj           1%         2d6       100%        5
 Lightning Bolt           Conj/Air       0%         1d11      100%        5
 Lehudib's Crystal Spear  Conj/Erth      0%         10d2      100%        8


Dungeon Overview and Level Annotations

Branches:
Dungeon (3/15)

Altars:

Annotations:
D:3 Sigmund


Innate Abilities, Weirdness & Mutations

Your plain brown scales are hard. (AC +5)
You cannot fit into any form of body armour.
You are cold-blooded and may be slowed by cold attacks.


Message History

You hear some strange, mumbled words.
You are more confused.
Something hits you but does no damage.
You miss something.
Your tail-slap misses something.
Something hits you but does no damage.
You bump into the metal wall.
Something hits you!
* * * LOW HITPOINT WARNING * * *
You're too confused to move!
You nearly stumble into some lava!
Something hits you!
* * * LOW HITPOINT WARNING * * *
You closely miss something. Something hits you.
* * * LOW HITPOINT WARNING * * *
You bump into the metal wall.
Unknown command.
You feel better.
You hear some strange, mumbled words.
You are confused.
It was a potion of cancellation.
Your magical effects are unravelling.
You feel magically purged.
You feel less confused. Something hits you but does no damage.
Okay, then.
Unknown command.
You miss something.
You hear some strange, mumbled words.
A magic dart appears from out of thin air!
The magic dart hits you.
* * * LOW HITPOINT WARNING * * *
You closely miss something.
Your tail-slap misses something.
You hear some strange, mumbled words.
You are confused.
Unknown command.
You feel better.
You hear some strange, mumbled words.
A magic dart appears from out of thin air!
The magic dart hits you!
* * * LOW HITPOINT WARNING * * *
Something hits you.
You die...

#......####.#.#
#.####.##...#.#
#.###############
#.#≈§≈§≈≈≈≈≈≈≈≈≈#
#.#≈§..§......§≈#
#.#≈§§........§§#
#.#§§§§.{...≈.§§#
#.#≈..§.###....§#
#.#≈..@## ##...§#
#.'....# #...≈#
###≈...## ##...≈#
#§.§..###.{..≈#
#§..§.....≈§.§#
#≈§§.§...(...≈#
#≈§.....§...§≈#
#≈≈§§≈§≈§≈≈≈≈§#
###############


There were no monsters in sight!

Vanquished Creatures
  A bullfrog skeleton (D:3)
  Jessica (D:2)
  A hound skeleton (D:3)
  2 adders (D:2)
  2 worms (D:2)
  A dart slug (D:1)
  7 bats
  5 endoplasms
  A giant cockroach (D:1)
  6 goblins
  9 hobgoblins
  4 jackals (D:2)
  2 kobolds (D:1)
  7 ball pythons
  2 frilled lizards (D:2)
  A rat (D:2)
  A spectral goblin (D:3)
53 creatures vanquished.

Notes
Turn   | Place    | Note
-------+----------+-------------------------------------------
     0 | D:1      | pkoi the Draconian Warper began the quest for the Orb.
     0 | D:1      | Reached XP level 1. HP: 17/17 MP: 3/3
    49 | D:1      | Got the Guide on Confrontation and the Mountains
   178 | D:1      | Reached XP level 2. HP: 13/24 MP: 5/5
   502 | D:1      | Reached skill level 3 in Unarmed Combat
   982 | D:1      | Reached XP level 3. HP: 27/29 MP: 6/6
  1701 | D:2      | Noticed Jessica
  1705 | D:2      | Killed Jessica
  1706 | D:2      | Reached skill level 4 in Unarmed Combat
  1706 | D:2      | Reached XP level 4. HP: 32/36 MP: 7/7
  2586 | D:3      | Reached skill level 5 in Unarmed Combat
  2742 | D:3      | Found a faded altar of an unknown god.
  2833 | D:3      | Reached XP level 5. HP: 37/41 MP: 8/8
  3037 | D:3      | Noticed Sigmund
  3070 | D:3      | HP: 2/41 [something (5)]
  3077 | D:3      | Slain by Sigmund

Illustrated notes

Levels and vault maps discovered:
D:1:      kennysheep_arrival_seaside, layout_basic
D:2:      layout_basic, minmay_tetromino_l2, uniq_jessica
D:3:      layout_loops_corners, dreamdust_ecumenical_altar_drowned_temple,
          kennysheep_path_1, uniq_sigmund

Skill      XL: |  1  2  3  4 |
---------------+-------------+-----
Unarmed Combat | 3 4 5 |  5.3
Fighting       | |  2.1
Throwing       | |  0.8
Dodging        | |  2.1
Spellcasting   | |  2.0
Translocations | |  3.0

Action                   |  1- 3 |  4- 6 || total
-------------------------+-------+-------++-------
Melee: Unarmed           |    64 |       ||    64
       Tailslap          |     9 |     9 ||    18
       Punch             |     2 |     1 ||     3
       Dagger            |    57 |    70 ||   127
  Use: Scroll            |     4 |       ||     4
       Potion            |     3 |     3 ||     6
 Stab: Sleeping          |     1 |       ||     1
Armor: Skin              |    40 |    22 ||    62
Dodge: Dodged            |    99 |    31 ||   130
Block: Other             |    13 |    13 ||    26
